 Dungeon Crawl Stone Soup version 0.30-a0-1160-g6e42c06551 (webtiles) character file.

Game seed: 100591741513856620

182 avis the Insei (level 5, -4/42 HPs)
             Began as a Demigod Transmuter on Apr 26, 2023.
             Slain by Duvessa
             ... wielding a +1 rapier of venom
              (9 damage)
             ... on level 4 of the Dungeon.
             The game lasted 00:21:36 (2772 turns).

avis the Insei (Demigod Transmuter)                 Turns: 2772, Time: 00:21:36

Health: -4/42      AC:  2    Str: 11    XL:     5   Next: 12%
Magic:  7/10       EV: 20    Int: 15    God:
Gold:   181        SH:  0    Dex: 23    Spells: 2/8 levels left

rFire   . . .        a - melded +4 mace "Supema" {venom, rPois}
rCold   . . .        (shield currently unavailable)
rNeg    . . .        n - melded +0 robe
rPois   x            (helmet currently unavailable)
rElec   .            (cloak currently unavailable)
rCorr   .            i - melded +0 pair of gloves
SInv    .            u - melded +0 pair of boots
Will    .....        (no amulet)
Stlth   ++           (no ring)
HPRegen 0.27/turn    (no ring)
MPRegen 0.12/turn

%: no passive effects
@: lethally poisoned (-4 -> -32), spider-form
A: venomous fangs, tiny, high MP 1, forlorn, divine attributes
a: End Transformation


You were on level 4 of the Dungeon.
You were a venomous arachnid creature.
You visited 1 branch of the dungeon, and saw 4 of its levels.

You collected 181 gold pieces.

Inventory:

Hand Weapons
 a - the +4 mace "Supema" (melded) {venom, rPois}
   (You found it on level 3 of the Dungeon)

   rPois:     It protects you from poison.
 b - a +0 sling
Armour
 i - a +0 pair of gloves (melded)
 n - a +0 robe (melded)
 u - a +0 pair of boots (melded)
Jewellery
 l - a +4 ring of protection
 t - a +4 ring of slaying
Scrolls
 f - 4 scrolls of fog
 g - a scroll of immolation
 j - a scroll of vulnerability {unknown}
 k - a scroll of butterflies {unknown}
 o - a scroll of identify {unknown}
 q - a scroll of blinking {unknown}
 s - a scroll of magic mapping {unknown}
Potions
 c - a potion of brilliance {unknown}
 d - 2 potions of lignification
 e - a potion of flight {unknown}
 h - 2 potions of attraction {unknown}
 m - 3 potions of cancellation {unknown}
 p - 2 potions of curing {unknown}
 r - a potion of heal wounds {unknown}


   Skills:
 * Level 2.6 Fighting
 - Level 2.0 Ranged Weapons
 - Level 2.0 Dodging
 - Level 3.0 Unarmed Combat
 - Level 2.0 Spellcasting
 - Level 2.0 Translocations
 - Level 2.0 Transmutations
 - Level 1.0 Poison Magic


You had 2 spell levels left.
You knew the following spells:

 Your Spells              Type           Power      Damage    Failure   Level
a - Beastly Appendage     Tmut           14%        N/A       24%         1
b - Blink                 Tloc           14%        N/A       32%         2
p - Spider Form           Tmut/Pois      6%         N/A       56%         3

Your spell library contained the following spells:

 Spells                   Type           Power      Damage    Failure   Level
 Apportation              Tloc           14%        N/A       24%         1
 Wereblood                Tmut           7%         N/A       32%         2
 Manifold Assault         Tloc           7%         N/A       85%         4
 Ice Form                 Ice/Tmut       4%         N/A       93%         4
 Anguish                  Hex/Necr       0%         N/A       98%         4
 Alistair's Intoxication  Tmut/Pois      4%         N/A       99%         5
 Enfeeble                 Hex            0%         N/A       100%        7
 Storm Form               Tmut/Air       2%         N/A       100%        7


Dungeon Overview and Level Annotations

Branches:
Dungeon (4/15)
 Temple: D:4-7

Annotations:
D:4 Dowan, Duvessa


Innate Abilities, Weirdness & Mutations

You are a venomous arachnid creature.
You have venomous fangs.
You are tiny and dextrous.
Your spellcasting is less reliable in this form.
Your armour is entirely melded.
You are incapable of wielding weapons or throwing items.
You have an increased reservoir of magic. (+10% MP)
You shall have no god before yourself.
Your divine heritage dramatically boosts your attributes as you level up.


Message History

Your +0 robe unmelds from your body.
The +4 mace "Supema" {venom, rPois} begins to drip with poison!
You see here a +0 pair of boots.
u - a +0 pair of boots You start putting on your armour.
You continue putting on your +0 pair of boots. x4
You finish putting on your +0 pair of boots.
Duvessa is nearby!
Casting: Spider Form (quite dangerous; 34% risk of failure)
Confirm with . or Enter, or press ? or * to list all spells.
The spell is quite dangerous to miscast (34% risk of failure)!
Continue anyway?
You turn into a venomous arachnid creature.
The +4 mace "Supema" {venom, rPois} melds into your body.
Your +0 pair of gloves melds into your body.
Your +0 pair of boots melds into your body.
Your +0 robe melds into your body.
The +4 mace "Supema" {venom, rPois} stops dripping with poison.
Duvessa shouts!
Okay, then.
As you read the scroll of fog, it crumbles to dust.
The scroll dissolves into smoke.
You hit Duvessa.
Duvessa is lightly wounded.
Duvessa hits you with a +1 rapier of venom!
You are poisoned.
You hit Duvessa.
Duvessa is moderately wounded.
You feel very sick.
Duvessa hits you with a +1 rapier of venom.
You are lethally poisoned!
You hit Duvessa but do no damage.
Duvessa is moderately wounded.
* * * LOW HITPOINT WARNING * * *
You feel extremely sick.
You barely miss Duvessa.
Duvessa is moderately wounded.
* * * LOW HITPOINT WARNING * * *
You feel extremely sick.
Duvessa hits you with a +1 rapier of venom!
You die...

##. #.. #.. # #.# #.#)#
######## #####§#§#
#.......
.....§e§#########.######
#§§s§§........#
###############


You could see Duvessa.

Vanquished Creatures
  An orc priest (D:3)
  2 iguanas (D:4)
  3 adders
  3 worms (D:3)
  A dart slug (D:3)
  4 orcs
  8 bats
  5 endoplasms
  A giant cockroach (D:1)
  4 goblins
  3 hobgoblins
  4 jackals (D:2)
  3 quokkas
  6 ball pythons
  7 kobolds
  4 rats (D:1)
59 creatures vanquished.

Notes
Turn   | Place    | Note
-------+----------+-------------------------------------------
     0 | D:1      | avis the Demigod Transmuter began the quest for the Orb.
     0 | D:1      | Reached XP level 1. HP: 15/15 MP: 5/5
    12 | D:1      | You fall into a shaft and drop 1 floor!
    61 | D:2      | Reached skill level 1 in Fighting
   186 | D:1      | Reached skill level 3 in Unarmed Combat
   225 | D:1      | Reached XP level 2. HP: 23/23 MP: 7/7
   228 | D:1      | Learned a level 2 spell: Blink
   607 | D:1      | Reached skill level 1 in Translocations
   950 | D:2      | Reached XP level 3. HP: 24/28 MP: 6/8
  1263 | D:2      | Learned a level 3 spell: Spider Form
  1668 | D:3      | Reached skill level 1 in Poison Magic
  1682 | D:3      | Reached XP level 4. HP: 36/36 MP: 7/9
  1839 | D:3      | Identified the +4 mace "Supema" {venom, rPois}
  1982 | D:3      | Reached skill level 1 in Ranged Weapons
  2624 | D:4      | Reached XP level 5. HP: 42/42 MP: 5/10
  2725 | D:4      | Noticed Duvessa
  2726 | D:4      | Noticed Dowan
  2772 | D:4      | Slain by Duvessa

Illustrated notes

Levels and vault maps discovered:
D:1:      dpeg_arrival_round_a, layout_basic, minmay_misc_feat_room
D:2:      layout_rooms, minivault_23, minivault_24
D:3:      layout_basic, st_stairs_2, bh_walls_and_bars
D:4:      layout_loops_ring, yredelemnul_altar_generic,
          mainiacjoe_overflow_divided_tiny, uniq_duvessa, uniq_pikel

Skill      XL: |  1  2  3  4 |
---------------+-------------+-----
Fighting       | 1 2 |  2.6
Unarmed Combat | 3 |  3.0
Dodging        | 2 |  2.0
Spellcasting   | 2 |  2.0
Transmutations | 2 |  2.0
Translocations | 1 2 |  2.0
Poison Magic   | 1 |  1.0
Ranged Weapons | 2 |  2.0

Action                     |  1- 3 |  4- 6 || total
---------------------------+-------+-------++-------
  Melee: Unarmed           |    40 |    29 ||    69
         Headbutt          |     3 |       ||     3
         Kick              |     5 |     1 ||     6
         Mace              |       |    11 ||    11
         Punch             |       |     3 ||     3
   Fire: Sling             |    94 |    37 ||   131
   Cast: Beastly Appendage |    13 |     1 ||    14
         Spider Form       |     4 |     9 ||    13
Ability: End Transformatio |     1 |       ||     1
    Use: Scroll            |     2 |     1 ||     3
   Stab: Sleeping          |       |     1 ||     1
 Armour: Robe              |    21 |     3 ||    24
         Skin              |     2 |       ||     2
  Dodge: Dodged            |    82 |    24 ||   106

Table legend: (Time is in decaauts)
 A = Elapsed time spent in this place.
 B = Non-inter-level travel time spent in this place.
 C = Inter-level travel time spent in this place.
 D = Time resting spent in this place.
 E = Time spent auto-exploring this place.
 F = Levels seen in this place.
 G = Mean time per level.
                   A        B        C        D        E       F      G
               +--------+--------+--------+--------+--------+-----+--------+
         Total |   2810 |   2530 |    280 |    666 |   1007 |   4 |  702.5 |
       Dungeon |   2810 |   2530 |    280 |    666 |   1007 |   4 |  702.5 |
               +--------+--------+--------+--------+--------+-----+--------+

Top non-repeatable levels by time:
     D:3: 1024 daAuts
     D:2: 940 daAuts
     D:1: 695 daAuts
     D:4: 149 daAuts
